Map: Catalyst LE

Players

TRUE - Winner!

  • Race: Zerg Zerg
  • Spawn Location: 5:00

LiquidTLO (TLO)

  • Race: Zerg Zerg
  • Spawn Location: 11:00

Event: WCS Leipzig 2018

VOD

Have the link to the VOD?

Description

Time

  • Played on: Jan. 26, 2018, 2:07 p.m.
  • Length: 8:55

All games in this series

Show
View Real Time Build Order
Export as new Build Order

TRUE Zerg - Winner!

Build Orders: 1 Base Baneling Bust, Pool First, Zergling Baneling 

Get SALT Encoding   

  12  0:00  Drone  
  13  0:12  Extractor  
  12  0:24  Spawning Pool  
  12  0:28  Drone  
  12  0:33  Drone  
  13  0:37  Drone  
  14  0:50  Overlord  
  16  1:11  Zergling x6  
  16  1:13  Metabolic Boost  
  17  1:23  Zergling x2  
  18  1:32  Baneling Nest  
  17  1:34  Zergling x2  
  18  1:44  Zergling x2  
  19  1:55  Zergling x2  
  20  2:06  Zergling x2  
  21  2:15  Baneling  
  21  2:16  Baneling  
  21  2:17  Zergling x2  
  21  2:22  Baneling x2  
  22  2:33  Hatchery  
  19  2:44  Zergling x2  
  19  2:47  Zergling x2  
  19  2:49  Zergling x2  
  21  3:07  Overlord  
  21  3:11  Overlord  
  21  3:21  Baneling x2  
  21  3:26  Queen  
  21  3:33  Drone  
  24  3:40  Drone  
  25  3:45  Drone  
  24  3:54  Drone  
  25  3:58  Drone x2  
  27  4:06  Queen  
  27  4:07  Drone  
  30  4:12  Drone  
  30  4:15  Drone  
  32  4:19  Drone  
  33  4:24  Baneling x2  
  33  4:25  Drone  
  34  4:33  Drone  
  34  4:36  Drone  
  36  4:39  Drone  
  36  4:45  Drone x2  
  39  4:47  Overlord  
  39  4:48  Drone  
  39  4:52  Drone  
  41  4:59  Drone  
  41  5:03  Drone  
  42  5:13  Drone x2  
  43  5:16  Drone x3  
  43  5:17  Lair  
  43  5:18  Drone  
  43  5:19  Drone x2  
  49  5:21  Drone  
  49  5:33  Evolution Chamber  
  48  5:39  Hatchery  
  47  5:43  Roach Warren  
  47  5:44  Drone x2  
  47  5:47  Drone  
  47  5:48  Drone  
  47  5:49  Drone  
  51  5:51  Extractor  
  51  5:53  Extractor  
  49  5:57  Drone  
  49  5:58  Drone  
  49  5:59  Overlord  
  49  6:02  Zerg Missile Weapons Level 1  
  51  6:09  Overlord  
  51  6:17  Baneling x2  
  51  6:18  Zergling x10  
  56  6:19  Queen  
  56  6:22  Glial Reconstitution  
  56  6:25  Zergling x2  
  59  6:27  Overlord  
  55  6:48  Drone x5  
  55  6:49  Drone x2  
  62  6:57  Overlord  
  62  6:58  Roach x4  
  70  7:03  Roach  
  70  7:06  Roach  
  70  7:07  Overlord  
  74  7:10  Extractor  
  74  7:13  Overlord  
  74  7:15  Roach x2  
  77  7:19  Roach x2  
  77  7:20  Roach  
  77  7:22  Roach x2  
  84  7:23  Roach  
  84  7:25  Roach  
  88  7:32  Roach  
  88  7:33  Roach  
  88  7:36  Roach  
  94  7:41  Roach  
  94  7:42  Roach  
  94  7:44  Roach x3  
  102  7:45  Roach  
  104  7:51  Roach  
  106  8:04  Overlord x2  
  106  8:05  Overlord  
  106  8:07  Overlord  
  106  8:23  Roach x2  
  106  8:24  Roach  
  114  8:27  Roach  
  114  8:28  Roach  
  114  8:32  Roach x2  
  121  8:34  Roach  
  121  8:35  Roach  
  121  8:36  Roach  
Show
View Real Time Build Order
Export as new Build Order

LiquidTLO Zerg 

Build Orders: Pool First 

Get SALT Encoding   

  12  0:00  Drone  
  13  0:13  Overlord  
  13  0:18  Drone  
  14  0:32  Drone x2  
  16  0:35  Drone  
  17  0:44  Spawning Pool  
  17  0:49  Drone  
  17  0:56  Drone  
  18  1:12  Hatchery  
  18  1:16  Drone  
  18  1:20  Extractor  
  17  1:31  Queen  
  19  1:33  Overlord  
  19  1:36  Zergling x2  
  20  1:41  Drone  
  21  1:50  Zergling x2  
  22  1:54  Spine Crawler  
  22  2:00  Zergling x2  
  22  2:10  Baneling Nest  
  22  2:13  Queen  
  23  2:18  Zergling x2  
  24  2:25  Zergling x2  
  27  2:37  Zergling x2  
  27  2:42  Zergling x2  
  25  2:49  Zergling x2  
  24  2:54  Baneling x2  
  22  2:59  Baneling  
  22  3:05  Drone x2  
  22  3:08  Metabolic Boost  
  22  3:10  Drone x2  
  24  3:15  Drone  
  25  3:24  Zergling x2  
  26  3:37  Hatchery  
  26  3:39  Zergling x2  
  26  3:41  Baneling  
  26  3:48  Hatchery  
  25  3:50  Baneling  
  25  3:51  Drone  
  25  3:54  Overlord  
  25  3:58  Drone  
  26  4:07  Drone  
  27  4:14  Zergling x2  
  27  4:15  Queen  
  30  4:24  Drone  
  31  4:35  Drone  
  32  4:40  Baneling x2  
  32  4:48  Overlord, Evolution Chamber  
  32  4:50  Drone  
  32  4:51  Drone  
  33  4:56  Drone  
  33  5:05  Drone  
  34  5:09  Zergling x2  
  34  5:12  Zergling x2  
  35  5:14  Lair, Zerg Missile Weapons Level 1  
  35  5:16  Drone  
  35  5:20  Extractor  
  35  5:22  Drone x2  
  35  5:25  Drone, Roach Warren  
  35  5:28  Zergling x2  
  37  5:29  Baneling  
  37  5:31  Drone  
  37  5:32  Drone  
  39  5:37  Drone  
  39  5:38  Drone  
  39  5:39  Drone  
  39  5:41  Zergling x2  
  43  5:44  Zergling x2  
  43  5:49  Zergling x2  
  45  5:58  Drone  
  45  5:59  Zergling x2  
  45  6:00  Extractor  
  45  6:01  Drone  
  45  6:02  Overlord  
  47  6:04  Drone x2  
  49  6:12  Drone  
  49  6:13  Glial Reconstitution  
  50  6:19  Baneling, Drone  
  50  6:25  Drone  
  52  6:26  Drone  
  52  6:27  Overseer  
  53  6:33  Hatchery  
  49  6:43  Drone, Overlord  
  49  6:44  Drone x4  
  54  6:47  Zergling x2  
  54  6:48  Zergling x4  
  57  6:54  Drone  
  57  6:57  Baneling x2  
  57  6:58  Extractor  
  57  6:59  Roach  
  59  7:05  Overlord  
  58  7:11  Roach  
  60  7:17  Overlord  
  60  7:18  Overlord  
  60  7:21  Overlord  
  58  7:25  Drone x3  
  58  7:28  Drone x2  
  63  7:30  Drone, Hydralisk Den  
  63  7:38  Roach  
  63  7:43  Drone x3, Roach  
  69  7:45  Roach  
  69  7:47  Roach  
  69  7:48  Roach  
  69  7:49  Roach x2  
  76  7:56  Roach x2, Extractor  
  76  7:59  Roach  
  76  8:05  Roach  
  80  8:07  Roach  
  80  8:10  Drone  
  80  8:11  Ravager x3  
  88  8:12  Roach  
  88  8:13  Roach, Overlord  
  88  8:15  Overlord  
  88  8:18  Drone  
  91  8:25  Roach  
  93  8:27  Drone  
  93  8:29  Drone  
  93  8:34  Roach  
Tags
 
Add a new tag
Caveats
  • Supply blocks, unpowered buildings, or Contaminate may cause inaccurate times.
  • Supply counts are checked every 10 seconds.